 Dungeon Crawl Stone Soup version 0.32-a0-921-g04a7ad8 (webtiles) character file.

Game seed: 13150090931121093937

23586 PublicAnimeNo1 the Slicer (level 13, -1/103 HPs)
             Began as a Coglin Artificer on Apr 11, 2024.
             Was a Priest of Beogh.
             Slain by a cyan ugly thing (8 damage)
             ... on level 13 of the Dungeon.
             The game lasted 00:40:31 (13461 turns).

PublicAnimeNo1 the Slicer (Coglin Artificer)       Turns: 13461, Time: 00:40:31

Health: -1/103     AC:  6    Str: 13    XL:     13   Next: 7%
Magic:  8/17       EV: 15    Int: 11    God:    Beogh [***...]
Gold:   826        SH:  0    Dex: 19    Spells: 12/12 levels left

rFire   . . .        w - +4 dagger (freeze) {Rabni}
rCold   . . .        q - +1 short sword (elec) {Albrecht}
rNeg    . . .        A - +0 troll leather armour
rPois   .            (no helmet)
rElec   .            v - +0 cloak
rCorr   .            E - +0 pair of gloves
SInv    .            i - +0 pair of boots
Will    .....        (amulet unavailable)
Stlth   ++           (ring unavailable)
HPRegen 1.17/turn    (ring unavailable)
MPRegen 0.15/turn    (no gizmo)

%: no passive effects
@: confused, ambrosia-drunk
A: off-hand wielding, slow wielding, warmup strikes, no jewellery
a: Invent Gizmo, Renounce Religion, Smiting, Recall Apostles, Dismiss Rocco,
warrior


You were on level 13 of the Dungeon.
You worshipped Beogh.
Beogh was most pleased with you.
You visited 2 branches of the dungeon, and saw 14 of its levels.
You also visited: Sewer and Ice Cave.

You collected 826 gold pieces.

Inventory:

Hand Weapons
 c - a +4 dagger {Djefatnebti}
 f - a +2 scimitar of flaming
 q - a +1 short sword of electrocution (offhand) {Albrecht}
 w - a +4 dagger of freezing (weapon) {Rabni}
 H - the +8 lajatang of Tumult {freeze, +Blink rElec rC+ Stlth+}
   (You found it on level 12 of the Dungeon)

   rC+:       It protects you from cold.
   rElec:     It insulates you from electricity.
   +Blink:    It lets you blink.
   Stlth+:    It makes you more stealthy.
Armour
 b - a +0 leather armour
 i - a +0 pair of boots (worn)
 v - a +0 cloak (worn)
 A - a +0 troll leather armour (worn)
 E - a +0 pair of gloves (worn)
 G - a +2 leather armour of willpower
Wands
 d - a wand of charming (1)
 e - a wand of iceblast (3)
 B - a wand of digging (14)
Scrolls
 g - 3 scrolls of fear
 j - a scroll of noise
 m - a scroll of enchant armour
 o - 8 scrolls of teleportation
 u - 2 scrolls of identify
 y - a scroll of enchant weapon
 C - a scroll of amnesia
 F - a scroll of fog
Potions
 a - 8 potions of curing
 k - 3 potions of mutation
 l - a potion of resistance
 n - a potion of might
 p - 4 potions of enlightenment
 t - a potion of attraction
 x - 3 potions of ambrosia
 z - a potion of brilliance
 D - a potion of heal wounds
 I - a potion of haste
Miscellaneous
 r - a sack of spiders (inert)
 s - a lightning rod (4/4)


   Skills:
 + Level 9.9 Fighting
 - Level 10.0 Short Blades
 + Level 1.8(7.1) Long Blades
 - Level 1.7 Armour
 + Level 8.0 Dodging
 + Level 8.8 Stealth
 + Level 6.6 Invocations
 - Level 8.1 Evocations


You had 12 spell levels left.
You didn't know any spells.
Your spell library contained the following spells:

 Spells                   Type           Power      Damage    Failure   Level
 Slow                     Hex            0%         N/A       41%         1
 Sting                    Conj/Alch      0%         1d3       41%         1
 Summon Small Mammal      Summ           0%         N/A       41%         1
 Ensorcelled Hibernation  Hex/Ice        0%         N/A       56%         2
 Jinxbite                 Hex            0%         N/A       56%         2
 Mercury Vapours          Alch/Air       0%         N/A       56%         2
 Sublimation of Blood     Necr           0%         N/A       56%         2
 Call Canine Familiar     Summ           0%         N/A       80%         3
 Confusing Touch          Hex            0%         N/A       80%         3
 Passwall                 Erth           0%         N/A       80%         3
 Swiftness                Air            0%         N/A       80%         3
 Tukima's Dance           Hex            0%         N/A       80%         3
 Vampiric Draining        Necr           0%         2d6       80%         3
 Dimensional Bullseye     Hex/Tloc       0%         N/A       99%         4
 Iskenderun's Mystic Bla Conj/Tloc 0%             2d3        (+2d1     99%         4
 Olgreb's Toxic Radiance  Alch           0%         N/A       99%         4
 Petrify                  Alch/Erth      0%         N/A       99%         4
 Summon Blazeheart Golem  Fire/Summ      0%         N/A       99%         4
 Irradiate                Conj/Alch      0%         3d11      100%        5
 Yara's Violent Unravell  Hex/Alch       0%         3d3       100%        5
 Sculpt Simulacrum        Ice/Alch       0%         N/A       100%        6
 Enfeeble                 Hex            0%         N/A       100%        7
 Ozocubu's Refrigeration  Ice            0%         4d7       100%        7
 Polar Vortex             Ice            0%         N/A       100%        9


Dungeon Overview and Level Annotations

Branches:
Dungeon (13/15)            Temple (0/1) D:4            Lair (1/5) D:10
    Orc (0/2) D:10          Sewer (visited)           IceCv (visited)
 Vaults: D:13-14

Altars:
Ashenzari
Cheibriados
Dithmenos
Makhleb
Okawaru
Qazlal
Trog
Uskayaw
Wu Jian
Xom
Yredelemnul

Shops:
D:11 *


Innate Abilities, Weirdness & Mutations

Your facial features look somewhat orcish.
You can wield a second weapon in your off-hand.
It takes a long time for you to wield or remove held weapons.
Your first few attacks do less damage.
You cannot equip rings or amulets.


Message History

Rocco burns Frances.
Something engulfs Rocco but does no damage.
You see here 6 stones.
Aiming: Smiting
Press: ? - help, Dir - move target, f/p - Frances Smite: Frances, wielding a +1 battleaxe of draining and wearing a +0 ring mail (severely wounded, ally target)
You smite Frances!!
Frances is almost dead.
Rocco hits Frances with a +4 great sword of flaming!!
Rocco burns Frances.
Frances dies!
Beogh accepts your kill.
Your life force feels restored.
Your Dodging skill increases to level 8!
You hit the cyan ugly thing with your +4 dagger of freezing.
You freeze the cyan ugly thing.
The cyan ugly thing is lightly wounded.
You closely miss the cyan ugly thing with your +1 short sword of electrocution.
Rocco hits the cyan ugly thing with a +4 great sword of flaming!
Rocco burns the cyan ugly thing.
The cyan ugly thing engulfs you but does no damage.
You hit the cyan ugly thing but do no damage.
The cyan ugly thing is moderately wounded.
You hit the cyan ugly thing with your +4 dagger of freezing.
You freeze the cyan ugly thing.
Aiming: Smiting
Press: ? - help, Dir - move target, f - cyan ugly thing Smite: a cyan ugly thing (moderately wounded, ally target)
You smite the cyan ugly thing!!
The cyan ugly thing is severely wounded.
Rocco completely misses the cyan ugly thing.
The cyan ugly thing engulfs you!
* * * LOW HITPOINT WARNING * * *
The cyan ugly thing shocks you!
* * * LOW HITPOINT WARNING * * *
You are confused.
You feel invigorated.
Rocco hits the cyan ugly thing with a +4 great sword of flaming!
Rocco burns the cyan ugly thing.
The cyan ugly thing engulfs you!
You die...

#.............######.....
#....................####
#.............########
#.............#
#.............#
#.............#
#.............#
####.########## #....@.#
######u#### .?.....o...#
....:...[..# ...........#
...........# ...........#
......>.?..# ...........#


You could see a cyan ugly thing (ally target) and the friendly Rocco the orc
apostle.

Vanquished Creatures
  4 two-headed ogres
  A boulder beetle (D:11)
  2 bog bodies (IceCv)
  A deep elf pyromancer (D:12)
  2 ugly things
  A manticore (D:12)
  Maurice (D:11)
  An ice statue (IceCv)
  A cane toad (D:10)
  An unseen horror (D:12)
  An efreet (D:13)
  2 rime drakes (D:12)
  3 komodo dragons
  4 trolls
  A queen bee (D:11)
  Prince Ribbit (D:8)
  A hornet (D:10)
  A blink frog (D:10)
  A shadow (D:10)
  4 wyverns
  A wraith (D:12)
  A yak (shapeshifter) (D:13)
  23 yaks
  A basilisk (Lair:1)
  4 death yak simulacra (IceCv)
  A human (D:3)
  2 vampire mosquitoes (D:12)
  A harpy simulacrum (IceCv)
  An acid dragon (D:10)
  A hydra simulacrum (IceCv)
  A sky beast (D:7)
  2 ice beasts
  An orc warrior (D:9)
  2 black bears (D:5)
  3 ogres
  2 centaurs
  3 phantoms
  3 kobold brigands
  3 bullfrogs
  2 scorpions (D:5)
  3 two-headed ogre simulacra (IceCv)
  8 wights
  4 cane toad simulacra (IceCv)
  17 killer bees (D:11)
  2 howler monkeys
  A bombardier beetle (D:7)
  5 orc priests
  3 hounds
  5 jellies
  2 gnoll boudas
  An iguana (D:5)
  A sleepcap (D:7)
  Natasha (D:2)
  6 orc wizards
  A spriggan simulacrum (IceCv)
  2 troll simulacra (IceCv)
  3 polar bear simulacra (IceCv)
  14 gnolls
  A naga simulacrum (IceCv)
  3 adders
  5 white imps (IceCv)
  9 ufetubi
  4 dart slugs
  17 orcs
  3 ball pythons
  3 bats
  6 endoplasms
  A giant cockroach (D:2)
  8 goblins
  5 hobgoblins
  14 jackals
  4 quokkas
  8 frilled lizards
  A jackal zombie (D:3)
  19 kobolds
  11 rats
293 creatures vanquished.

Vanquished Creatures (collateral kills)
  Frances (D:13)
  A boulder beetle (D:13)
  A cyclops (D:12)
  A gargoyle (D:12)
  A troll (D:13)
  2 yaks (D:12)
  A basilisk (D:12)
  2 vampire mosquitoes (D:12)
  A harpy simulacrum (IceCv)
  2 centaurs (D:12)
  A gnoll sergeant (D:11)
  2 two-headed ogre simulacra (IceCv)
  A scorpion (D:6)
  2 spriggan simulacra (IceCv)
  A white imp (IceCv)
  An ufetubus (IceCv)
  A kobold (D:6)
22 creatures vanquished.

Vanquished Creatures (others)
  A yak (D:8)
  2 death yak simulacra (IceCv)
  A harpy simulacrum (IceCv)
  A hydra simulacrum (IceCv)
  A kobold brigand (D:6)
  A cane toad simulacrum (IceCv)
  2 two-headed ogre simulacra (IceCv)
  2 orcs
11 creatures vanquished.

Grand Total: 326 creatures vanquished

Notes
Turn   | Place    | Note
-------+----------+-------------------------------------------
     0 | D:1      | PublicAnimeNo1 the Coglin Artificer began the quest for the
                  | Orb.
     0 | D:1      | Reached XP level 1. HP: 15/15 MP: 1/1
   278 | D:1      | Reached XP level 2. HP: 13/21 MP: 2/2
   501 | D:1      | Reached skill level 1 in Stealth
   814 | D:1      | Reached XP level 3. HP: 27/27 MP: 3/3
  1123 | D:2      | Reached skill level 1 in Short Blades
  1205 | D:2      | Noticed Natasha
  1220 | D:2      | Killed Natasha
  1221 | D:2      | Reached XP level 4. HP: 21/33 MP: 4/4
  1346 | D:2      | Reached skill level 5 in Evocations
  1430 | D:2      | Noticed an ogre
  1437 | D:2      | Killed an ogre
  1438 | D:2      | Reached XP level 5. HP: 10/40 MP: 5/5
  1900 | D:3      | Found a hide-covered altar of Uskayaw.
  1963 | D:3      | Reached skill level 2 in Short Blades
  1975 | D:3      | Reached XP level 6. HP: 23/47 MP: 6/6
  2656 | D:3      | Noticed a human
  2658 | D:3      | Found a runed translucent door.
  2662 | D:3      | Found a basalt altar of Yredelemnul.
  2698 | D:3      | Killed a human
  2852 | D:4      | Found a staircase to the Ecumenical Temple.
  2864 | D:4      | Found a snail-covered altar of Cheibriados.
  3072 | D:4      | Reached XP level 7. HP: 19/52 MP: 7/7
  3072 | D:4      | Upgraded the game from 0.32-a0-920-geafeab6 to
                  | 0.32-a0-921-g04a7ad8
  3156 | D:4      | Reached skill level 3 in Short Blades
  3209 | D:4      | Found a glowing drain.
  3254 | Sewer    | Entered a sewer
  3590 | Sewer    | Found a glowing silver altar of Zin.
  3682 | D:4      | Became a worshipper of Beogh the Shepherd
  3987 | D:5      | Entered Level 5 of the Dungeon
  4095 | D:5      | Reached skill level 1 in Dodging
  4097 | D:5      | Reached XP level 8. HP: 54/61 MP: 8/8
  4201 | D:5      | Found a shimmering altar of Xom.
  4238 | D:5      | Found a broken altar of Ashenzari.
  4238 | D:5      | Found an iron altar of Okawaru.
  4363 | D:5      | Found a burning altar of Makhleb.
  4438 | D:5      | Found a bloodstained altar of Trog.
  4447 | D:5      | Reached skill level 4 in Short Blades
  4847 | D:6      | Reached * piety under Beogh
  4852 | D:6      | Reached skill level 5 in Fighting
  5040 | D:6      | Reached skill level 5 in Short Blades
  5149 | D:6      | Reached XP level 9. HP: 42/68 MP: 9/9
  5948 | D:7      | Found an ornate altar of the Wu Jian Council.
  6527 | D:8      | Reached skill level 1 in Invocations
  6643 | D:8      | Reached skill level 6 in Short Blades
  6649 | D:8      | Reached skill level 5 in Stealth
  6996 | D:8      | Reached XP level 10. HP: 76/76 MP: 11/11
  7016 | D:8      | Found a stormy altar of Qazlal.
  7066 | D:8      | You fall into a shaft and drop 1 floor!
  7076 | D:9      | Reached ** piety under Beogh
  7081 | D:9      | Reached skill level 7 in Short Blades
  7168 | D:8      | Noticed Prince Ribbit
  7179 | D:8      | Killed Prince Ribbit
  7271 | D:8      | Found a shadowy altar of Dithmenos.
  7559 | D:9      | Noticed a two-headed ogre
  7565 | D:9      | Killed a two-headed ogre
  8204 | D:9      | Reached skill level 8 in Short Blades
  8338 | D:9      | Reached skill level 5 in Dodging
  8466 | D:10     | Entered Level 10 of the Dungeon
  8494 | D:10     | Noticed a two-headed ogre
  8498 | D:10     | Killed a two-headed ogre
  8525 | D:10     | Found a staircase to the Lair.
  8690 | D:10     | Reached XP level 11. HP: 84/84 MP: 13/13
  8749 | D:10     | Found a staircase to the Orcish Mines.
  8767 | D:10     | Noticed a two-headed ogre
  8777 | D:10     | Killed a two-headed ogre
  8895 | Lair:1   | Entered Level 1 of the Lair of Beasts
  9007 | Lair:1   | Reached skill level 9 in Short Blades
  9748 | D:11     | Noticed a white ugly thing
  9808 | D:11     | Noticed a two-headed ogre
  9813 | D:11     | Killed a two-headed ogre
 10142 | D:11     | Noticed Maurice
 10147 | D:11     | Maurice stole a +4 dagger {Djefatnebti}
 10151 | D:11     | Killed Maurice
 10256 | D:11     | Noticed a boulder beetle
 10297 | D:11     | Killed a boulder beetle
 10298 | D:11     | Reached XP level 12. HP: 27/94 MP: 2/15
 10502 | D:11     | Reached skill level 10 in Short Blades
 10583 | D:11     | Reached skill level 5 in Invocations
 10675 | D:11     | Found Rusigy's Assorted Antiques.
 11195 | D:12     | Found a frozen archway.
 11216 | IceCv    | Entered an ice cave
 11618 | IceCv    | Reached *** piety under Beogh
 12546 | D:12     | Anointed Rocco the warrior as your apostle
 12755 | D:12     | Identified the +8 lajatang of Tumult {freeze, +Blink rElec
                  | rC+ Stlth+}
 13356 | D:13     | Noticed a boulder beetle
 13367 | D:13     | Killed a boulder beetle
 13368 | D:13     | Reached skill level 1 in Long Blades
 13447 | D:13     | Noticed Frances
 13453 | D:13     | Reached XP level 13. HP: 54/100 MP: 13/17
 13457 | D:13     | Killed Frances
 13460 | D:13     | HP: 1/103 [cyan ugly thing (13)]
 13461 | D:13     | Slain by a cyan ugly thing

Illustrated notes

Levels and vault maps discovered:
D:1:      roderic_chinese_lattice_arrival, layout_basic
D:2:      kennysheep_the_goblin_king, layout_basic, grunt_ministairs_11,
          minmay_misc_feat_doors, minmay_hedge_maze, uniq_natasha, uniq_jessica
D:3:      layout_basic, dk_yredelemnul_ordeal,
          nicolae_uskayaw_murder_on_the_dancefloor, serial_bayou_lake_a
D:4:      minmay_angry_zag, layout_loops_ring, lemuel_crystal_altar,
          minmay_temple_entry_junction_2, portal_sewer_entry_d
D:5:      layout_basic, gammafunk_temple_overflow_elements,
          mainiacjoe_overflow_chevrons, trog_ov_bears_minmay,
          general_overflow_altar
D:6:      layout_cave_pools
D:7:      layout_loops_cross, pdpol_wu_jian_five_deadly_venoms
D:8:      layout_basic, nicolae_qazlal_eye_of_the_storm, kennysheep_mini,
          uniq_prince_ribbit1
D:9:      layout_basic, minmay_misc_feat_ornament, hangedman_decor_lopped
D:10:     layout_grid_maze, lair_entry_dummy, orc_0_dummy
D:11:     layout_grid_maze, serial_shops, nicolae_shop_behind_doors,
          special_room [special_room_bee], hangedman_decor_diamond_cutter,
          uniq_maurice
D:12:     layout_small_grid, portal_ice_cave_rime
D:13:     layout_roguey, uniq_frances
Lair:1:   layout_regular_city, nzn_masters_of_martial_movement,
          lemuel_fruit_fields

Skill      XL: |  1  2  3  4  5  6  7  8  9 10 11 12 13 |
---------------+----------------------------------------+-----
Stealth        | 1 2 3 4 5 6 7 8 |  8.8
Fighting       | 2 3 4 5 6 7 8 9 |  9.9
Short Blades   | 1 2 3 5 6 8 9 10 | 10.0
Evocations     | 5 6 7 8 |  8.1
Dodging        | 1 2 4 5 6 7 8 |  8.0
Invocations    | 2 3 4 6 |  6.6
Long Blades    | 1 |  1.8
Armour         | |  1.7

Action                     |  1- 3 |  4- 6 |  7- 9 | 10-12 | 13-15 || total
---------------------------+-------+-------+-------+-------+-------++-------
  Melee: Club              |     8 |       |       |       |       ||     8
         Dagger            |   134 |    97 |   184 |   351 |     3 ||   769
         Rapier            |       |    12 |       |       |       ||    12
         Short sword       |       |    68 |   193 |   367 |     3 ||   631
 Invoke: Convert to Beogh  |       |       |     1 |       |       ||     1
         Smiting           |       |       |       |    15 |     3 ||    18
         Recruit Apostle   |       |       |       |     1 |       ||     1
  Evoke: Wand              |     1 |    14 |    11 |   103 |     1 ||   130
         Lightning rod     |       |       |       |     4 |       ||     4
         Sack of spiders   |       |       |       |     1 |       ||     1
    Use: Scroll            |     1 |     2 |    12 |     7 |       ||    22
         Potion            |       |       |     1 |     6 |     1 ||     8
   Stab: Sleeping          |     2 |     4 |     9 |     9 |       ||    24
         Invisible         |       |       |    10 |     2 |       ||    12
         Distracted        |       |       |       |     1 |       ||     1
         Betrayed ally     |       |       |       |     1 |       ||     1
 Armour: Leather armour    |    46 |    52 |   119 |    42 |       ||   259
         Troll leather arm |       |       |       |   142 |     5 ||   147
  Dodge: Dodged            |    38 |    41 |   106 |   185 |     2 ||   372

Table legend: (Time is in decaauts)
 A = Elapsed time spent in this place.
 B = Non-inter-level travel time spent in this place.
 C = Inter-level travel time spent in this place.
 D = Time resting spent in this place.
 E = Time spent auto-exploring this place.
 F = Levels seen in this place.
 G = Mean time per level.
                   A        B        C        D        E       F      G
               +--------+--------+--------+--------+--------+-----+--------+
         Total |  13255 |  12749 |    506 |   3007 |   6973 |  16 |  828.4 |
       Dungeon |  11450 |  10944 |    506 |   1981 |   6858 |  13 |  880.8 |
          Lair |    139 |    139 |      0 |     38 |     26 |   1 |  139.0 |
         Sewer |    399 |    399 |      0 |    239 |     32 |   1 |  399.0 |
      Ice Cave |   1266 |   1266 |      0 |    749 |     56 |   1 | 1266.0 |
               +--------+--------+--------+--------+--------+-----+--------+

Top non-repeatable levels by time:
   IceCv: 1266 daAuts
    D:11: 1121 daAuts
    D:10: 1104 daAuts
     D:3: 1084 daAuts
     D:1: 1055 daAuts
     D:9: 1040 daAuts
     D:8: 1026 daAuts
    D:12: 889 daAuts
     D:6: 840 daAuts
     D:5: 818 daAuts
     D:4: 760 daAuts
     D:7: 734 daAuts
     D:2: 716 daAuts
   Sewer: 399 daAuts
    D:13: 258 daAuts
